Unix NetHack Version 3.7.0-101 Work-in-progress - last build Apr 1 2024 13:39:02 (cf3915abb6dcc6e3362b2b16a766b7b4f6c45fc9,branch:master). Game began 2024-04-05 22:57:09, ended 2024-04-05 23:09:01. finitelycraig, lawful female dwarven Valkyrie ----------- --------- ------ |.........| |........# |.{..-###########....0.....| ........|### --------- #.>...| |.........| |.(.....| # |%*(?=%.| #-|---- |...0...... |.......| ### |!?!)%+.|##### #### |.........| |.......| # |(?m@[p.|# # ---------.-# |.......| #----- |%!%%%?.|# ### ## ------|-- #|.(.| |)[??+=@-# # # ### # #...%| --------- ---.- # # #|...| |..<| # # #----- |...| # ### ### |...| ### # # |...| #----.------|---- ## |... #.e.............|## ----- |...............# |..............| ---------------- Finitelycraig the Skirmisher St:18 Dx:14 Co:20 In:8 Wi:8 Ch:7 Lawful Dlvl:4 $:96 HP:0(51) Pw:7(7) AC:6 Xp:4/105 T:2405 Latest messages: There is nothing here to pick up. The elf zombie hits! The door opens. The elf zombie hits! The elf zombie hits! Unix NetHack Version 3.7.0-101 Work-in-progress - last build Apr 1 2024 13:39:02 (cf3915abb6dcc6e3362b2b16a766b7b4f6c45fc9,branch:master). You find a hidden door. The door opens. You hear the chime of a cash register. You see here a statue of a gas spore. You hear the chime of a cash register. You hear a slow drip. This door is locked. This door is locked. This door is locked. This door is locked. This door is locked. This door is locked. In what direction? As you kick the door, it crashes open! You hear a distant zap. "Velkommen, finitelycraig! Welcome to Holmavik's general store!" Pick an object. A rock piercer suddenly drops from the shop's ceiling! You are almost hit by a falling rock piercer! You see here an elven spear (for sale, 5 zorkmids). You see here a plate mail (for sale, 900 zorkmids). You see here an oil lamp (for sale, 15 zorkmids). Wait! That's a giant mimic! The giant mimic hits! The giant mimic hits again! Are you waiting to get hit? Use 'm' prefix to force a no-op (to rest). Are you waiting to get hit? Use 'm' prefix to force a no-op (to rest). Are you waiting to get hit? Use 'm' prefix to force a no-op (to rest). Are you waiting to get hit? Use 'm' prefix to force a no-op (to rest). Are you waiting to get hit? Use 'm' prefix to force a no-op (to rest). Are you waiting to get hit? Use 'm' prefix to force a no-op (to rest). Are you waiting to get hit? Use 'm' prefix to force a no-op (to rest). Are you waiting to get hit? Use 'm' prefix to force a no-op (to rest). Are you waiting to get hit? Use 'm' prefix to force a no-op (to rest). Are you waiting to get hit? Use 'm' prefix to force a no-op (to rest). Are you waiting to get hit? Use 'm' prefix to force a no-op (to rest). Are you waiting to get hit? Use 'm' prefix to force a no-op (to rest). Are you waiting to get hit? Use 'm' prefix to force a no-op (to rest). You miss the giant mimic. You hit the giant mimic. You miss the giant mimic. The giant mimic hits! You die... Holmavik gratefully inherits all your possessions. Inventory: Coins ('$') $ - 96 gold pieces Weapons (')') h - an uncursed +0 dart i - 8 cursed -2 darts b - an uncursed +0 dagger I - an uncursed +1 dwarvish spear g - an uncursed +0 dwarvish spear a - an uncursed thoroughly rusty -2 long sword (weapon in right hand) Armor ('[') c - an uncursed +3 small shield (being worn) Comestibles ('%') t - an uncursed apple L - 4 uncursed carrots m - 2 uncursed cram rations d - 2 uncursed food rations z - an uncursed sprig of wolfsbane j - a cursed rotten tin of kobold meat l - an uncursed lichen corpse Scrolls ('?') s - 2 uncursed scrolls of identify u - 2 uncursed scrolls of light o - an uncursed scroll of teleportation Potions ('!') F - an uncursed potion of extra healing H - an uncursed potion of gain energy k - an uncursed potion of restore ability r - a blessed potion of see invisible p - a blessed potion of sickness M - a cursed potion of speed J - an uncursed potion of water K - an uncursed potion of water Rings ('=') N - a cursed ring of hunger q - an uncursed ring of invisibility Tools ('(') v - an empty uncursed sack (alternate weapon; not wielded) D - an uncursed bag of tricks (0:2) w - an uncursed mirror e - an uncursed oil lamp Gems/Stones ('*') C - an uncursed worthless piece of black glass E - 2 uncursed worthless pieces of green glass A - an uncursed worthless piece of violet glass x - a cursed worthless piece of yellowish brown glass Finitelycraig the Valkyrie's attributes: Background: You were a Skirmisher, a level 4 dwarven Valkyrie. You were lawful, on a mission for Tyr who was opposed by Odin (neutral) and Loki (chaotic). You were right-handed. You were in the Dungeons of Doom, on level 4. You entered the dungeon 2405 turns ago. It was nighttime. You had 105 experience points, 55 more were needed to attain level 5. Basics: You had 0 out of 51 hit points. You had all 7 energy points (spell power). Your armor class was 6. Your wallet contained 96 zorkmids. Autopickup was on, but temporarily disabled while inside the shop. Final Characteristics: Your strength was 18 (limit:18/100). Your dexterity was 14 (limit:20). Your constitution was 20 (limit:20). Your intelligence was 8 (limit:16). Your wisdom was 8 (limit:16). Your charisma was 7 (limit:16). Final Status: You were held by a giant mimic (west). You weren't hungry. You were unencumbered. You were wielding a long sword. You were unskilled in long sword. Final Attributes: You were piously aligned. You were cold resistant. You had infravision. You were stealthy. You are dead. Miscellaneous: You disabled loading of bones levels. Total elapsed playing time was 11 minutes and 52 seconds. Major events: Turn 1: finitelycraig the lawful dwarven Valkyrie entered the dungeon 646: entered the Gnomish Mines 732: attained the rank of Skirmisher (level 3) 1126: reached Mine Town 2405: killed by a giant mimic Vanquished creatures: a large mimic a little dog a hill orc a dwarf zombie a wererat an iguana a coyote a hobbit 2 giant rats a green mold 3 gnomes 6 jackals a fox 4 goblins 4 sewer rats 7 grid bugs a lichen a kobold zombie 8 newts 46 creatures vanquished. No species were genocided or became extinct. Voluntary challenges: You were illiterate. You never engraved Elbereth. You never genocided any monsters. You never polymorphed an object. You never changed form. You used no wishes. Achievements: You entered the Gnomish Mines. You entered a shop. You attained the rank of Skirmisher. You entered Minetown. The Dungeons of Doom: levels 1 to 5 Level 1: Level 2: Stairs down to The Gnomish Mines. Level 3: Level 4: <- You were here. A general store, a sink. Final resting place for you, killed by a giant mimic. Level 5: The Gnomish Mines: levels 3 to 5 Level 3: Level 4: Level 5: Game over: ---------- / \ / REST \ / IN \ / PEACE \ / \ | finitelycraig | | 96 Au | | killed by a | | giant mimic | | | | | | 2024 | *| * * * | * _________)/\\_//(\/(/\)/\//\/|_)_______ Farvel finitelycraig the Valkyrie... You died in The Dungeons of Doom on dungeon level 4 with 831 points, and 96 pieces of gold, after 2405 moves. You were level 4 with a maximum of 51 hit points when you died.